[Event "Titled Tuesday Blitz October 31 Early 2023"]
[White "Burke, Carol Ann"]
[Black "Ferrufino, Boris"]
[WhiteFideId "11104643"]
[BlackFideId "3300170"]
[WhiteElo "2708"]
[BlackElo "2170"]
[Result "1-0"]
[Round "7"]
[TimeControl "180+1"]
[Date "2023.10.31"]
[WhiteClock "0:00:51"]
[BlackClock "0:00:04"]
[Board "158"]

1. d4 d5 2. c4 e6 3. Nc3 Nf6 4. cxd5 exd5 5. Bg5 c6 6. e3 Nbd7 7. Bd3 Be7 8. Qc2 O-O 9. Nf3 Re8 10. h3 Nf8 11. Bf4 b6 12. O-O-O a5 13. g4 b5 14. Ne5 Bb7 15. h4 N6d7 16. Nf3 Nb6 17. g5 a4 18. a3 b4 19. axb4 a3 20. b3 a2 21. Nxa2 Rxa2 22. Qxa2 Bxb4 23. Kb2 Qe7 24. Ra1 Ra8 25. Qb1 Ba3+ 26. Kc2 Ne6 27. Kd1 c5 28. Bxh7+ Kh8 29. Ne5 cxd4 30. Bg6 f6 31. gxf6 gxf6 32. Bf7 fxe5 33. Bxe5+ Ng7 34. Qg6 1-0


[Site "https://www.chess.com"]

[Event "Titled Tuesday Blitz October 31 Early 2023"]
[White "campochess"]
[Black "Nanu, Costica-Ciprian"]
[BlackFideId "1204580"]
[WhiteElo "2179"]
[BlackElo "2578"]
[Result "0-1"]
[Round "7"]
[TimeControl "180+1"]
[Date "2023.10.31"]
[WhiteClock "0:01:02"]
[BlackClock "0:01:02"]
[Board "159"]

1. e4 c5 2. Nc3 Nc6 3. g3 g6 4. Bg2 Bg7 5. Nf3 e6 6. d3 Nge7 7. O-O O-O 8. Re1 Rb8 9. a3 b5 10. Rb1 d6 11. Bd2 h6 12. Ne2 a5 13. b4 axb4 14. axb4 cxb4 15. Bxb4 Nxb4 16. Rxb4 Nc6 17. Rb1 b4 18. d4 d5 19. e5 Ba6 20. Nc1 Qc7 21. Nb3 Rfc8 22. Nc5 Bc4 23. Nd3 Qe7 24. Qd2 Rc7 25. Rb2 Rcb7 26. Reb1 Bxd3 27. Qxd3 Na5 28. c3 b3 29. Nd2 Qd7 30. Bf1 Bf8 31. c4 Ba3 32. c5 Bxb2 33. Rxb2 Qc6 34. h4 h5 35. Be2 Rb4 36. g4 hxg4 37. Bxg4 Qa4 38. h5 Rxd4 39. Qe2 Rxg4+ 40. Qxg4 Qxg4+ 0-1


[Site "https://www.chess.com"]

[Event "Titled Tuesday Blitz October 31 Early 2023"]
[White "Floresvillar Gonzalez, Luis Migu"]
[Black "Terletsky, Oleg"]
[WhiteFideId "5100542"]
[BlackFideId "14116774"]
[WhiteElo "2165"]
[BlackElo "2483"]
[Result "0-1"]
[Round "7"]
[TimeControl "180+1"]
[Date "2023.10.31"]
[WhiteClock "0:00:00"]
[BlackClock "0:00:30"]
[Board "160"]

1. d4 Nf6 2. c3 g6 3. Bg5 Bg7 4. Nd2 d5 5. Ngf3 O-O 6. Ne5 c5 7. e3 Nc6 8. f4 cxd4 9. exd4 Nd7 10. Bh4 f6 11. Nxd7 Bxd7 12. Be2 Qb6 13. b4 e5 14. dxe5 fxe5 15. Bf2 Qc7 16. b5 Na5 17. O-O exf4 18. Rc1 Rad8 19. Nb3 Bf5 20. Bd4 Nc4 21. Bxg7 Qxg7 22. Qd4 Qxd4+ 23. Nxd4 g5 24. Nxf5 Rxf5 25. Bg4 Re5 26. Rfe1 Rde8 27. Rxe5 Rxe5 28. Bf3 Kf7 29. Rd1 Ke6 30. a4 b6 31. h4 h6 32. hxg5 hxg5 33. Kf2 Ne3 34. Rd4 Kd6 35. Be2 Kc5 36. Rb4 Nf5 37. Bg4 Ng3 38. Bf3 Ne4+ 39. Bxe4 dxe4 0-1


[Site "https://www.chess.com"]

[Event "Titled Tuesday Blitz October 31 Early 2023"]
[White "kingapolak"]
[Black "Seletsky, Grigory"]
[BlackFideId "14112191"]
[WhiteElo "2155"]
[BlackElo "2470"]
[Result "0-1"]
[Round "7"]
[TimeControl "180+1"]
[Date "2023.10.31"]
[WhiteClock "0:00:09"]
[BlackClock "0:01:59"]
[Board "161"]

1. e4 e6 2. d4 d5 3. Nd2 Nc6 4. c3 e5 5. dxe5 Nxe5 6. Ngf3 Nxf3+ 7. Nxf3 Nf6 8. e5 Ne4 9. Be3 Be7 10. Be2 O-O 11. O-O Be6 12. h3 c5 13. Nd2 f5 14. exf6 Nxf6 15. Qc2 Rc8 16. Bf3 Bd6 17. Rfe1 Bb8 18. Bxc5 Qc7 19. Bxf8 Qh2+ 20. Kf1 Re8 21. Ne4 dxe4 22. Bxe4 Bc4+ 0-1


[Site "https://www.chess.com"]

[Event "Titled Tuesday Blitz October 31 Early 2023"]
[White "Garrido, Denis"]
[Black "dontcatchmeifyoucant"]
[WhiteFideId "601217"]
[WhiteElo "2310"]
[BlackElo "2075"]
[Result "0-1"]
[Round "7"]
[TimeControl "180+1"]
[Date "2023.10.31"]
[WhiteClock "0:00:00"]
[BlackClock "0:00:03"]
[Board "163"]

1. c4 Nf6 2. Nc3 g6 3. d4 d5 4. cxd5 Nxd5 5. g3 Bg7 6. Bg2 Nxc3 7. bxc3 c5 8. e3 Qa5 9. Bd2 Qa6 10. Ne2 Bg4 11. f3 Bd7 12. O-O Bb5 13. Rf2 Nc6 14. f4 cxd4 15. cxd4 O-O 16. f5 Na5 17. Nc3 Bd3 18. Nd5 Rad8 19. Nxe7+ Kh8 20. Bxa5 Qxa5 21. Qxd3 Bf6 22. Nd5 Rxd5 23. Bxd5 Qxd5 24. fxg6 fxg6 25. Raf1 Kg7 26. Rf4 Be7 27. Qb3 Qxb3 28. axb3 Bf6 29. Kf2 g5 30. Rf5 Kg6 31. Rc5 Bxd4+ 32. Ke2 Rxf1 33. exd4 Rh1 34. Rc7 Rxh2+ 35. Kf3 Rb2 36. Rxb7 a5 37. Rb5 Ra2 38. Ke4 Ra3 39. g4 a4 40. Rb6+ Kg7 41. b4 Rb3 42. d5 a3 43. Kf5 a2 44. Ra6 Rxb4 45. Rxa2 Rb5 46. Ke6 Rb4 47. Rg2 Re4+ 48. Kf5 Rd4 49. Ke5 Rd1 50. d6 Kf7 51. Rf2+ Ke8 0-1


[Site "https://www.chess.com"]

[Event "Titled Tuesday Blitz October 31 Early 2023"]
[White "Pein, Jonathan"]
[Black "leonidsh29"]
[WhiteFideId "417092"]
[WhiteElo "2303"]
[BlackElo "2039"]
[Result "1-0"]
[Round "7"]
[TimeControl "180+1"]
[Date "2023.10.31"]
[WhiteClock "0:00:49"]
[BlackClock "0:00:00"]
[Board "164"]

1. e4 c5 2. Nc3 Nc6 3. Nf3 e5 4. Bc4 Be7 5. d3 d6 6. Nd2 Nf6 7. Nf1 O-O 8. a3 Be6 9. Ne3 Nd4 10. O-O Qd7 11. b4 a6 12. Kh1 cxb4 13. axb4 Rac8 14. f4 Bxc4 15. Nxc4 Qc7 16. fxe5 dxe5 17. Rxf6 Bxf6 18. Nd5 Qd8 19. c3 Ne6 20. Be3 b5 21. Ncb6 Rc6 22. Qg4 Nf4 23. Nd7 Nxd5 24. exd5 Rd6 25. Nxf6+ Qxf6 26. Bc5 Rfd8 27. Bxd6 Qxd6 28. Qe4 Qxd5 29. Qxd5 Rxd5 30. Rxa6 g6 31. Rc6 Rxd3 32. Kg1 Kg7 33. Rc5 e4 34. Kf2 f5 35. Ke2 Kf6 36. h4 f4 37. Rxb5 Rxc3 38. Kd2 Rg3 39. Rg5 Rb3 40. b5 e3+ 41. Kc2 Rb4 42. Kd3 h6 43. Rc5 g5 44. h5 g4 45. g3 Rb3+ 46. Ke2 Rb2+ 47. Kd3 Rd2+ 48. Kc3 f3 49. Rc8 f2 50. b6 Kg5 51. Rf8 Rd1 52. b7 Rb1 53. Kd3 Rxb7 54. Kxe3 1-0


[Site "https://www.chess.com"]

[Event "Titled Tuesday Blitz October 31 Early 2023"]
[White "Bongo Akanga Ndjila, Barthelemy"]
[Black "Van Essen, Mark"]
[WhiteFideId "10609431"]
[BlackFideId "1012819"]
[WhiteElo "2034"]
[BlackElo "2295"]
[Result "0-1"]
[Round "7"]
[TimeControl "180+1"]
[Date "2023.10.31"]
[WhiteClock "0:01:51"]
[BlackClock "0:01:03"]
[Board "165"]

1. d4 d5 2. c4 e6 3. Nc3 Nf6 4. cxd5 exd5 5. Bg5 c6 6. e3 Be7 7. Bd3 O-O 8. Nge2 Nbd7 9. Qc2 h6 10. Bh4 Re8 11. O-O Nf8 12. f3 Ne6 13. Bf2 Bd7 14. Rad1 Qb6 15. e4 dxe4 16. d5 exd3 17. Rxd3 Nc5 18. Na4 Qb5 19. Bxc5 Bxc5+ 20. Nxc5 Bf5 21. Ne4 Nxe4 22. Nd4 Qb6 23. Kh1 Nd6 24. Nxf5 Nxf5 25. Rb3 Qa6 26. Qxf5 Qxf1# 0-1


[Site "https://www.chess.com"]

[Event "Titled Tuesday Blitz October 31 Early 2023"]
[White "Simonovic, Miroslav"]
[Black "Gyulamiryan-koryun"]
[WhiteFideId "919152"]
[WhiteElo "2284"]
[BlackElo "1906"]
[Result "1/2-1/2"]
[Round "7"]
[TimeControl "180+1"]
[Date "2023.10.31"]
[WhiteClock "0:00:23"]
[BlackClock "0:00:16"]
[Board "166"]

1. d4 Nf6 2. Bg5 e6 3. e4 Be7 4. Bd3 O-O 5. h4 h6 6. Bxf6 Bxf6 7. e5 Be7 8. Qg4 f5 9. exf6 Rxf6 10. Nd2 d5 11. Qe2 Nc6 12. c3 Bd6 13. O-O-O e5 14. dxe5 Nxe5 15. Bc2 Bf5 16. Ngf3 Nxf3 17. Nxf3 Bxc2 18. Qxc2 c6 19. Rhe1 Qd7 20. Nd4 Raf8 21. Re2 c5 22. Nb3 b6 23. Kb1 Qf5 24. g3 Qxc2+ 25. Rxc2 Rxf2 26. Rxd5 Bxg3 27. h5 Rf1+ 28. Nc1 Bf4 29. b3 Rh1 30. Kb2 Bxc1+ 31. Rxc1 Rh2+ 32. Rc2 Rxc2+ 33. Kxc2 Rf2+ 34. Kd3 Rxa2 35. Kc4 Rh2 36. Rd7 a6 37. Rd6 Rh4+ 38. Kd5 Rxh5+ 39. Kc6 Rh3 40. Kxb6 Rxc3 41. Kxa6 Rxb3 42. Rc6 Rc3 43. Kb5 Kh7 44. Ka4 h5 45. Re6 g6 46. Kb5 h4 47. Kc6 Rc1 48. Kd5 c4 49. Kd4 c3 50. Kd3 Kh6 51. Re3 Kh5 52. Re2 g5 53. Rh2 g4 54. Rg2 h3 55. Rg1 Kh4 56. Rxc1 g3 57. Rxc3 h2 58. Rc8 Kh3 59. Ke2 h1=Q 60. Rh8+ Kg2 61. Rxh1 Kxh1 62. Kf3 g2 63. Kf2 g1=Q+ 64. Kf3 Qg5 65. Ke4 Qf5+ 66. Kxf5 1/2-1/2


[Site "https://www.chess.com"]

[Event "Titled Tuesday Blitz October 31 Early 2023"]
[White "Vila Dupla, Aurelio"]
[Black "Vargas, Mauricio"]
[WhiteFideId "2203383"]
[BlackFideId "4404572"]
[WhiteElo "2239"]
[BlackElo "1863"]
[Result "1-0"]
[Round "7"]
[TimeControl "180+1"]
[Date "2023.10.31"]
[WhiteClock "0:02:07"]
[BlackClock "0:00:00"]
[Board "167"]

1. Nf3 c6 2. d4 d6 3. c4 g6 4. g3 Bg7 5. Bg2 Nf6 6. O-O O-O 7. Nc3 Qe8 8. d5 Nbd7 9. Rb1 c5 10. b3 a6 11. Bb2 e5 12. dxe6 fxe6 13. Qxd6 Ng4 14. Qd2 Bh6 15. e3 g5 16. Ne4 Qh5 17. h3 1-0


[Site "https://www.chess.com"]

[Event "Titled Tuesday Blitz October 31 Early 2023"]
[White "Terry, Renato"]
[Black "So, Wesley"]
[WhiteFideId "3803457"]
[BlackFideId "5202213"]
[WhiteElo "3038"]
[BlackElo "3104"]
[Result "0-1"]
[Round "8"]
[TimeControl "180+1"]
[Date "2023.10.31"]
[WhiteClock "0:00:00"]
[BlackClock "0:00:56"]
[Board "1"]

1. a3 h6 2. Nf3 Nf6 3. c4 c6 4. b4 d5 5. Qc2 a5 6. bxa5 Qxa5 7. e3 e6 8. Bb2 Nbd7 9. Be2 Qa4 10. Qxa4 Rxa4 11. Nc3 Ra7 12. d4 Bd6 13. O-O b6 14. Nd2 Ba6 15. Rfb1 O-O 16. e4 Bf4 17. Bc1 Bxd2 18. Bxd2 Bxc4 19. Bxc4 dxc4 20. Rb4 b5 21. a4 Nb6 22. Rc1 Nxa4 23. Nxa4 Nxe4 24. Be3 Rxa4 25. Rxa4 bxa4 26. Rxc4 Ra8 27. f3 a3 28. Rc1 a2 29. Ra1 Nc3 30. Kf2 Rb8 31. Bd2 Rb2 32. Ke1 Rb1+ 0-1


[Site "https://www.chess.com"]

[Event "Titled Tuesday Blitz October 31 Early 2023"]
[White "Nakamura, Hikaru"]
[Black "Le, Quang Liem"]
[WhiteFideId "2016192"]
[BlackFideId "12401137"]
[WhiteElo "3230"]
[BlackElo "3029"]
[Result "1/2-1/2"]
[Round "8"]
[TimeControl "180+1"]
[Date "2023.10.31"]
[WhiteClock "0:00:13"]
[BlackClock "0:00:13"]
[Board "2"]

1. e4 c5 2. d4 cxd4 3. c3 dxc3 4. Nxc3 Nc6 5. Nf3 d6 6. Bc4 a6 7. O-O Nf6 8. Bf4 Bg4 9. Qb3 e6 10. Qxb7 Na5 11. Qb4 Bxf3 12. Qa4+ Nd7 13. gxf3 Nxc4 14. Qxc4 Be7 15. Rfd1 O-O 16. Qc6 Ra7 17. Bxd6 Bxd6 18. Qxd6 Qf6 19. f4 Qg6+ 20. Kh1 Nf6 21. f3 Qh5 22. Qd3 Qh4 23. Qe3 Rb7 24. b3 h6 25. Ne2 Rc8 26. Rd2 Rbc7 27. Rg1 Kh7 28. Ng3 Rc3 29. Rd3 Rc2 30. Rd2 R8c3 31. Qe2 Rxd2 32. Qxd2 Rxf3 33. Qg2 Qg4 34. Ne2 Qxg2+ 35. Kxg2 Re3 36. Kf2 Rxe4 37. Kf3 Rb4 38. Rc1 Nd5 39. Rc5 f5 40. Ra5 Rb6 41. h4 Kg6 42. Nd4 Kf6 43. a3 Rd6 44. Ne2 Ne7 45. b4 g5 46. hxg5+ hxg5 47. fxg5+ Kxg5 48. Nf4 Kf6 49. Ke3 e5 50. Nh5+ Kg5 51. Rxe5 Nd5+ 52. Kf3 Kxh5 53. Rxf5+ Kg6 54. Re5 Kf6 55. Rh5 Ne7 56. b5 a5 57. b6 Rxb6 58. Rxa5 Ke6 59. Ke4 Nc8 60. Rh5 Nd6+ 61. Kd4 Rb1 62. Kd3 Kd7 63. Kc2 Rf1 64. Rh3 Rf2+ 65. Kb3 Kc6 66. a4 Nb7 67. Rh6+ Kc7 68. Rh5 Kb6 69. Rh6+ Ka7 70. Rh5 Rf4 71. Rg5 Ka6 72. Rg6+ Ka7 73. Rg5 Rf6 74. Rh5 Ka6 75. Kb4 Rb6+ 76. Ka3 Re6 77. Kb4 Re4+ 78. Ka3 Rc4 79. Rh6+ Ka5 80. Kb3 Rb4+ 81. Kc3 Rxa4 82. Rh5+ Kb6 83. Rh6+ Kb5 84. Rh8 Nc5 85. Kc2 Ra3 86. Rh4 Re3 87. Kd2 Rf3 88. Ke2 Rc3 89. Kd2 Ra3 90. Ke2 Ne6 91. Re4 Nc7 92. Rd4 Kc5 93. Rh4 Nd5 94. Kd2 Nb6 95. Rh5+ Kb4 96. Rh4+ Nc4+ 97. Ke2 Kc5 98. Rh5+ Kd4 99. Rh4+ Kd5 100. Rh5+ Ne5 101. Rh4 Ra2+ 102. Ke3 Ra3+ 103. Ke2 Ng6 104. Rg4 Ne7 105. Rg5+ Ke4 106. Rg4+ Ke5 107. Rh4 Nf5 108. Rb4 Nd4+ 109. Kf2 Ra2+ 110. Kg3 Ke4 111. Rb8 Ra6 112. Re8+ Ne6 113. Kg4 Ke5 114. Rb8 Ra1 115. Rb5+ Ke4 116. Rb4+ Nd4 117. Kg5 Ke5 118. Kg6 Rf1 119. Rb8 Ne6 120. Rb5+ Kd6 121. Ra5 Nf4+ 122. Kg5 Nd5 123. Kg4 Ke5 124. Kg3 Ke4 125. Ra4+ Ke5 126. Ra5 Rd1 127. Kf3 Rd3+ 128. Ke2 Rh3 129. Kf2 Kd4 130. Ra4+ Ke5 131. Ra5 Rd3 1/2-1/2


[Site "https://www.chess.com"]

[Event "Titled Tuesday Blitz October 31 Early 2023"]
[White "Andreikin, Dmitry"]
[Black "Erdogmus, Yagiz Kaan"]
[WhiteFideId "4158814"]
[BlackFideId "44599790"]
[WhiteElo "3102"]
[BlackElo "2921"]
[Result "1-0"]
[Round "8"]
[TimeControl "180+1"]
[Date "2023.10.31"]
[WhiteClock "0:00:26"]
[BlackClock "0:00:19"]
[Board "3"]

1. d4 Nf6 2. c4 e6 3. Nf3 d5 4. Bg5 dxc4 5. e4 b5 6. a4 Bb4+ 7. Nc3 c5 8. axb5 cxd4 9. Nxd4 Bb7 10. e5 Qd5 11. exf6 Qxg5 12. fxg7 Qxg7 13. Qa4 Bc5 14. Nc6 Qf6 15. O-O-O Nd7 16. Qxc4 Qxf2 17. Ne4 Qf4+ 18. Kb1 Be7 19. Rxd7 1-0


[Site "https://www.chess.com"]

[Event "Titled Tuesday Blitz October 31 Early 2023"]
[White "Ilamparthi A R"]
[Black "Pranav, V"]
[WhiteFideId "45015775"]
[BlackFideId "25060783"]
[WhiteElo "2930"]
[BlackElo "3030"]
[Result "0-1"]
[Round "8"]
[TimeControl "180+1"]
[Date "2023.10.31"]
[WhiteClock "0:00:02"]
[BlackClock "0:00:04"]
[Board "4"]

1. d4 Nf6 2. Nf3 g6 3. Bf4 Bg7 4. e3 b6 5. Be2 Bb7 6. h3 O-O 7. O-O d6 8. a4 a6 9. a5 b5 10. c4 bxc4 11. Bxc4 Nbd7 12. Nc3 Ne4 13. Nxe4 Bxe4 14. Ng5 Bc6 15. Qb3 e6 16. Rfc1 Rb8 17. Qa2 Ba8 18. Bxe6 fxe6 19. Nxe6 Qe7 20. Nxf8+ Kxf8 21. Rxc7 Rd8 22. Rac1 g5 23. Bg3 Bf6 24. Ra7 Qe4 25. Bxd6+ Kg7 26. Rxa8 Rxa8 27. Rc7 Rd8 28. Qa4 Qe6 29. Qc6 Kg8 30. g4 Nb8 31. Qc2 Rxd6 32. Qxh7+ Kf8 33. h4 Rd7 34. Rc8+ Rd8 35. Rc7 Nd7 36. hxg5 Bg7 37. Qh5 Qe4 38. Qh3 Kg8 39. Qg3 Nf8 40. Kh2 Ne6 41. Re7 Bf8 42. Ra7 Nxg5 43. f4 Qc2+ 44. Qg2 Nf3+ 45. Kg3 Qxg2+ 46. Kxg2 Ne1+ 47. Kf1 Nc2 48. Ke2 Re8 49. Rxa6 Nxe3 50. Kd3 Nd5 51. Kc4 Nb4 52. Rc6 Nxc6 0-1


[Site "https://www.chess.com"]

[Event "Titled Tuesday Blitz October 31 Early 2023"]
[White "Kovalev, Vladislav"]
[Black "Theodorou, Nikolas"]
[WhiteFideId "13504398"]
[BlackFideId "4262875"]
[WhiteElo "2887"]
[BlackElo "3018"]
[Result "1/2-1/2"]
[Round "8"]
[TimeControl "180+1"]
[Date "2023.10.31"]
[WhiteClock "0:00:09"]
[BlackClock "0:00:01"]
[Board "5"]

1. e4 b6 2. d4 Bb7 3. Bd3 d6 4. Nf3 Nd7 5. O-O e5 6. Re1 Ngf6 7. Nc3 a6 8. a4 exd4 9. Nxd4 g6 10. f4 Be7 11. Bc4 Nc5 12. e5 dxe5 13. fxe5 Nfe4 14. Bh6 Bg5 15. Bg7 Bh6 16. Bxh8 Bd2 17. Nf3 Bxe1 18. Qxe1 Ng5 19. Nxg5 Qxg5 20. Qg3 Qd2 21. Rd1 Qxc2 22. Qf2 Qxf2+ 23. Kxf2 Nd7 24. Bf6 Bc6 25. Bd5 Bxd5 26. Nxd5 Ra7 27. Rc1 Nc5 28. Ke3 Kd7 29. a5 Kc6 30. axb6 cxb6 31. Nb4+ Kb5 32. Nd3 Ne6 33. Nf4 Nc5 34. Rd1 Na4 35. b3 Nc5 36. Rd4 Nxb3 37. Rd6 Na5 38. Kd4 Nc6+ 39. Kd3 Nb4+ 40. Kc3 Rc7+ 41. Kb3 a5 42. Rd2 a4+ 43. Kb2 Kc4 44. e6 fxe6 45. Rd4+ Kb5 46. Rd2 Rf7 47. Be5 Rf5 48. Bd6 e5 49. Ne6 Na6 50. Nc7+ Nxc7 51. Bxc7 Kc6 52. Bb8 e4 53. Re2 Kd5 54. Bc7 b5 55. Kc3 Rf6 56. Kb4 Kd4 57. Kxb5 Kd3 58. Re1 e3 59. Ba5 a3 60. Ka4 a2 61. Kb3 Ra6 62. Bc3 Rb6+ 63. Bb4 e2 64. Ra1 Ke3 65. Kc3 Rxb4 66. Kxb4 Kf2 67. Rxa2 Kf1 68. Ra1+ e1=Q+ 69. Rxe1+ Kxe1 70. Kc3 Kf2 71. g4 Kf3 72. g5 Kg4 73. Kd4 Kxg5 74. Ke3 Kg4 75. Kf2 Kh3 76. Kg1 h5 77. Kh1 h4 78. Kg1 g5 79. Kh1 g4 80. Kg1 g3 81. Kh1 gxh2 1/2-1/2


[Site "https://www.chess.com"]

[Event "Titled Tuesday Blitz October 31 Early 2023"]
[White "Madaminov, Mukhiddin"]
[Black "Le, Tuan Minh"]
[WhiteFideId "14210703"]
[BlackFideId "12401153"]
[WhiteElo "2866"]
[BlackElo "2985"]
[Result "0-1"]
[Round "8"]
[TimeControl "180+1"]
[Date "2023.10.31"]
[WhiteClock "0:00:05"]
[BlackClock "0:00:18"]
[Board "6"]

1. e4 e5 2. Nf3 Nc6 3. Bb5 a6 4. Ba4 Bc5 5. c3 Nge7 6. d4 exd4 7. cxd4 Bb4+ 8. Nc3 d5 9. exd5 Nxd5 10. O-O O-O 11. Qd3 Nce7 12. Bg5 f6 13. Nxd5 Nxd5 14. Bc2 g6 15. Bh6 Rf7 16. a3 Bf8 17. Bd2 Bf5 18. Qb3 Bxc2 19. Qxc2 c6 20. Rfe1 Qd7 21. h4 Bd6 22. Bh6 Re7 23. Rxe7 Nxe7 24. Re1 Nf5 25. Bd2 Qf7 26. Qe4 h5 27. Bf4 Rd8 28. Bxd6 Rxd6 29. g3 Rd7 30. Qf4 Kg7 31. Kg2 Qd5 32. Kg1 Qf7 33. a4 Re7 34. Rxe7 Nxe7 35. a5 Nd5 36. Qb8 Qc7 37. Qe8 Qe7 38. Qc8 Nb4 39. Kg2 Nd3 40. b3 Qe2 41. Qxb7+ Kh6 42. Qf7 Qxf2+ 43. Kh3 Qf1+ 44. Kh2 Qe2+ 45. Kh3 Nf2+ 46. Kg2 Ng4+ 47. Kg1 Qf2+ 48. Kh1 Qxf3+ 49. Kg1 Qf2+ 0-1


[Site "https://www.chess.com"]

[Event "Titled Tuesday Blitz October 31 Early 2023"]
[White "mind1mover"]
[Black "Daneshvar, Bardiya"]
[BlackFideId "12576468"]
[WhiteElo "2780"]
[BlackElo "2958"]
[Result "0-1"]
[Round "8"]
[TimeControl "180+1"]
[Date "2023.10.31"]
[WhiteClock "0:00:13"]
[BlackClock "0:01:26"]
[Board "7"]

1. Nf3 b6 2. g3 Bb7 3. Bg2 g6 4. O-O Bg7 5. e3 Nf6 6. b3 O-O 7. Bb2 c5 8. d4 cxd4 9. exd4 e6 10. c4 d5 11. Qe2 Nc6 12. Rd1 Rc8 13. Nbd2 dxc4 14. bxc4 Ne7 15. Rac1 Nf5 16. Nb3 Rc7 17. Ne5 Bxg2 18. Kxg2 Qa8+ 19. Qf3 Qxf3+ 20. Nxf3 Rfc8 21. d5 exd5 22. cxd5 Rc2 23. Kg1 Ne4 24. Rxc2 Rxc2 25. Bxg7 Kxg7 26. Nfd4 Nxd4 27. Nxd4 Rxa2 28. Nb5 Nxf2 29. Rd4 Nh3+ 30. Kh1 Ng5 31. Nc7 Nf3 32. Rd1 Rxh2# 0-1


[Site "https://www.chess.com"]

[Event "Titled Tuesday Blitz October 31 Early 2023"]
[White "Vakhlamov, Igor L."]
[Black "Elsa167"]
[WhiteFideId "24126748"]
[WhiteElo "2826"]
[BlackElo "2993"]
[Result "0-1"]
[Round "8"]
[TimeControl "180+1"]
[Date "2023.10.31"]
[WhiteClock "0:00:00"]
[BlackClock "0:00:06"]
[Board "8"]

1. e4 e6 2. d4 d5 3. Nc3 Bb4 4. exd5 exd5 5. Bd3 Nc6 6. Nf3 Nge7 7. O-O Bf5 8. Re1 O-O 9. Bxf5 Nxf5 10. Qd3 Qd7 11. Ne5 Rfe8 12. Bf4 Nxe5 13. Rxe5 Rxe5 14. Bxe5 Re8 15. Nxd5 Qxd5 16. Qxf5 f6 17. c4 Qxc4 18. Qd7 Re7 19. Qd8+ Kf7 20. Bf4 Qc6 21. Be3 Bd6 22. Qc8 b6 23. h3 Qd7 24. Qb7 a5 25. Rc1 Qe6 26. b3 g5 27. Qf3 Kg6 28. g3 Qxh3 29. Rc6 Qf5 30. Qd1 Qd5 31. Qc2+ Kg7 32. Rc4 h5 33. Qd1 Kg6 34. Qc2+ Qe4 35. Qd1 Bxg3 36. Rc3 Bf4 37. d5 Bxe3 38. Rxe3 Qb4 39. Qd3+ Kg7 40. d6 Rxe3 41. Qxe3 Qxd6 42. Qe8 Qf8 43. Qxh5 Qf7 44. Qg4 Kg6 45. Qe4+ f5 46. Qc6+ Kg7 47. Qc3+ Kg8 48. Qe5 g4 49. Qf4 Kg7 50. Qe5+ Kg6 51. Qf4 c5 52. Qe5 Qf6 53. Qc7 f4 54. Qc6 Qxc6 0-1


[Site "https://www.chess.com"]

[Event "Titled Tuesday Blitz October 31 Early 2023"]
[White "Shimanov, Aleksandr"]
[Black "Alexandre, Anne Shopie Elizabeth"]
[WhiteFideId "4198603"]
[BlackFideId "11902418"]
[WhiteElo "2976"]
[BlackElo "2834"]
[Result "1-0"]
[Round "8"]
[TimeControl "180+1"]
[Date "2023.10.31"]
[WhiteClock "0:01:12"]
[BlackClock "0:01:45"]
[Board "9"]

1. d4 Nf6 2. Bg5 e6 3. Nd2 h6 4. Bh4 c5 5. e4 g5 6. Bg3 cxd4 7. e5 Nd5 8. h4 Nc6 9. hxg5 Qxg5 10. Ngf3 Qd8 11. a3 b6 12. Ne4 Bb7 13. Nxd4 Nxd4 14. Qxd4 Qc7 15. c4 Bc5 16. Qd2 Ne7 17. Nf6+ Kd8 18. O-O-O Bc6 19. Rxh6 Rxh6 20. Qxh6 Nf5 21. Qh8+ Ke7 22. Ng8+ Rxg8 23. Qxg8 Nxg3 24. Qxg3 a5 25. Be2 Be4 26. Qh4+ 1-0


[Site "https://www.chess.com"]

[Event "Titled Tuesday Blitz October 31 Early 2023"]
[White "Galchenko, Matvey"]
[Black "Kamsky, Gata"]
[WhiteFideId "24175480"]
[BlackFideId "2000024"]
[WhiteElo "2928"]
[BlackElo "2825"]
[Result "0-1"]
[Round "8"]
[TimeControl "180+1"]
[Date "2023.10.31"]
[WhiteClock "0:00:07"]
[BlackClock "0:00:20"]
[Board "10"]

1. f4 d5 2. Nf3 Nf6 3. g3 Bg4 4. Bg2 Bxf3 5. Bxf3 c6 6. d3 Nbd7 7. O-O e5 8. e4 dxe4 9. dxe4 Bc5+ 10. Kh1 h5 11. Nc3 Qc7 12. f5 O-O-O 13. Qe2 g6 14. fxg6 fxg6 15. Bg5 Rdf8 16. Bg2 Ng4 17. h3 Nf2+ 18. Kh2 Ng4+ 19. Kh1 Nf2+ 20. Kh2 Nf6 21. Bf3 Qd7 22. Rxf2 Bxf2 23. Kg2 Bc5 24. Rd1 Qe6 25. a3 Rd8 26. Rf1 Rhf8 27. b4 Bd4 28. Nd1 Kb8 29. c3 Bb6 30. a4 a6 31. a5 Ba7 32. Nb2 Rd7 33. Nc4 Rdf7 34. Nxe5 Qxe5 35. Bf4 Nd7 36. Bxe5+ Nxe5 37. Qd2 Nxf3 38. Qd6+ Ka8 39. Kh1 g5 40. Qg6 h4 41. Qd6 Bb8 42. Qc5 hxg3 43. Rd1 g4 44. e5 gxh3 45. e6 g2# 0-1


[Site "https://www.chess.com"]

[Event "Titled Tuesday Blitz October 31 Early 2023"]
[White "Sattarov, Bobir"]
[Black "Chigaev, Maksim"]
[WhiteFideId "14203081"]
[BlackFideId "4108116"]
[WhiteElo "2821"]
[BlackElo "2925"]
[Result "0-1"]
[Round "8"]
[TimeControl "180+1"]
[Date "2023.10.31"]
[WhiteClock "0:00:00"]
[BlackClock "0:00:03"]
[Board "11"]

1. e4 c5 2. Nc3 d6 3. Nf3 a6 4. g3 g6 5. Bg2 Bg7 6. O-O Nc6 7. d3 Bg4 8. h3 Bxf3 9. Qxf3 Nf6 10. Qd1 O-O 11. f4 Nd7 12. g4 b5 13. e5 Rc8 14. exd6 e6 15. a4 Nd4 16. axb5 axb5 17. Ra6 c4 18. dxc4 Nc5 19. Ra2 bxc4 20. Be3 Qxd6 21. Rf2 Rfd8 22. Rd2 e5 23. Bd5 Nce6 24. Ra7 exf4 25. Bf2 Qc5 26. Bxe6 fxe6 27. Rxg7+ Kxg7 28. Rxd4 Qe7 29. Qe2 e5 30. Rxf4 Rf8 31. Re4 Rce8 32. Bd4 Qh4 33. Bf2 Qxh3 34. Rxe5 Rxf2 35. Kxf2 Qh2+ 36. Kf3 Qxe5 37. Qxe5+ Rxe5 38. b3 cxb3 39. cxb3 Rc5 40. Ne2 Rb5 41. Nd4 Rb4 42. Ke3 h5 43. g5 h4 44. Kd3 Rxd4+ 0-1


[Site "https://www.chess.com"]

[Event "Titled Tuesday Blitz October 31 Early 2023"]
[White "Mahdavi, Reza"]
[Black "Taher, Yoseph Theolifus"]
[WhiteFideId "12595926"]
[BlackFideId "7105347"]
[WhiteElo "2919"]
[BlackElo "2788"]
[Result "1-0"]
[Round "8"]
[TimeControl "180+1"]
[Date "2023.10.31"]
[WhiteClock "0:00:20"]
[BlackClock "0:00:00"]
[Board "12"]

1. c4 e5 2. Nc3 Bb4 3. Nd5 a5 4. a3 Bc5 5. e3 Nc6 6. Ne2 Nf6 7. d4 Ba7 8. b4 d6 9. Nxf6+ Qxf6 10. d5 Ne7 11. Bb2 O-O 12. Ng3 Nf5 13. Bd3 Ne7 14. Qh5 g6 15. Qh6 Qg7 16. Qxg7+ Kxg7 17. Kd2 h5 18. Ne2 f6 19. Rhc1 Bd7 20. f3 Nf5 21. Bxf5 Bxf5 22. e4 Bd7 23. c5 Rf7 24. h3 f5 25. f4 Re8 26. fxe5 dxe5 27. Rf1 Kh7 28. Rae1 f4 29. Nc1 g5 30. Nd3 Rfe7 31. Bc3 Bb5 32. Rf2 b6 33. c6 Bxd3 34. Kxd3 b5 35. Rc2 a4 36. Bb2 Kg6 37. Rec1 Bb6 38. Rc5 Bxc5 39. bxc5 g4 40. hxg4 hxg4 41. Bc3 Rf7 42. d6 f3 43. gxf3 Rxf3+ 44. Ke2 Rh8 45. Bxe5 Rg8 46. d7 Kf7 47. Bxc7 Ke7 48. Rd1 1-0


[Site "https://www.chess.com"]

[Event "Titled Tuesday Blitz October 31 Early 2023"]
[White "Csonka, Balazs"]
[Black "Mitrabha, Guha"]
[WhiteFideId "742910"]
[BlackFideId "5057000"]
[WhiteElo "2741"]
[BlackElo "2838"]
[Result "0-1"]
[Round "8"]
[TimeControl "180+1"]
[Date "2023.10.31"]
[WhiteClock "0:00:04"]
[BlackClock "0:00:52"]
[Board "13"]

1. e4 c6 2. Nc3 d5 3. Nf3 dxe4 4. Nxe4 Nf6 5. Qe2 Nxe4 6. Qxe4 Be6 7. b3 Nd7 8. Bb2 Nf6 9. Qh4 Bf5 10. O-O-O e6 11. Ne5 Be7 12. f3 a5 13. a4 Nd5 14. Qf2 Nb4 15. d3 h6 16. g4 Bh7 17. f4 b5 18. axb5 cxb5 19. Bg2 Rc8 20. Rd2 a4 21. bxa4 bxa4 22. f5 O-O 23. h4 a3 24. Ba1 Bf6 25. Be4 Qc7 26. Qh2 Na2+ 27. Kd1 Nc3+ 28. Bxc3 Qxc3 29. Nd7 a2 30. Ke2 exf5 31. gxf5 a1=Q 32. Rxa1 Qxa1 33. Nxf6+ Qxf6 0-1


[Site "https://www.chess.com"]